[Event "December 19 Early 2023"]
[Site "https://www.chess.com"]
[Date "2023.12.19"]
[Round "7"]
[White "Boor, Carl"]
[Black "Zhuk, Valeriy"]
[Result "1-0"]
[Board "136"]
[TimeControl "180+1"]
[WhiteFideId "2017008"]
[BlackFideId "24151254"]
[WhiteElo "2330"]
[BlackElo "2148"]
[WhiteTeam "USA"]
[BlackTeam "RUS"]
[WhiteClock "0:00:05"]
[BlackClock "0:00:00"]

1. d4 Nf6 2. c4 e6 3. Nc3 Bb4 4. e3 O-O 5. a3 Bxc3+ 6. bxc3 d5 7. cxd5 exd5 8. Bd3 c5 9. Ne2 c4 10. Bc2 Bg4 11. f3 Bh5 12. Nf4 Bg6 13. Nxg6 hxg6 14. O-O Re8 15. Qe1 Nc6 16. Qf2 Qd7 17. Rb1 Rab8 18. Re1 b5 19. e4 dxe4 20. fxe4 a5 21. Bf4 Rb7 22. h3 Qe7 23. e5 Nd5 24. Be4 Qe6 25. Qf3 Rd8 26. Bg5 Rdd7 27. Bxd5 Rxd5 28. Be3 b4 29. axb4 axb4 30. cxb4 Rxb4 31. Rxb4 Nxb4 32. Ra1 Rd8 33. Bg5 Rc8 34. Ra8 Rxa8 35. Qxa8+ Kh7 36. Qa4 Qb6 37. Be3 Nd5 38. Bf2 Qb3 39. Qc6 Nf4 40. Qe4 Nd3 41. Be3 Qd1+ 42. Kh2 c3 43. d5 c2 44. d6 c1=Q 45. Bxc1 Nxc1 46. Qh4+ Kg8 47. Qd8+ Kh7 48. d7 g5 49. Qe7 1-0

[Event "December 19 Early 2023"]
[Site "https://www.chess.com"]
[Date "2023.12.19"]
[Round "7"]
[White "Baches Garcia, Guillermo"]
[Black "Vigoa Apecheche, Yanira"]
[Result "1-0"]
[Board "137"]
[TimeControl "180+1"]
[WhiteFideId "2209764"]
[BlackFideId "3507041"]
[WhiteElo "2504"]
[BlackElo "2276"]
[WhiteTeam "ESP"]
[BlackTeam "USA"]
[WhiteClock "0:00:20"]
[BlackClock "0:00:21"]

1. Nf3 c5 2. e4 Nc6 3. d4 cxd4 4. Nxd4 Nf6 5. Nc3 e5 6. Ndb5 d6 7. Nd5 Nxd5 8. exd5 Nb8 9. a4 Be7 10. Be2 O-O 11. Bd2 a6 12. Na3 Nd7 13. a5 f5 14. Nc4 Nc5 15. Bb4 Kh8 16. Bxc5 dxc5 17. d6 Bf6 18. Nb6 Be6 19. Nxa8 Qxa8 20. O-O Rd8 21. Qd2 Qb8 22. Rfd1 e4 23. c3 Be5 24. g3 h6 25. Qe3 Qc8 26. Rd2 Rxd6 27. Rad1 Rxd2 28. Qxd2 Qc6 29. Bh5 Kh7 30. Qd8 Bf6 31. Qd6 Qxd6 32. Rxd6 Bc4 33. Rb6 Bd5 34. Rd6 Bc6 35. Be2 Be5 36. Re6 Bc7 37. Bxa6 Bxa5 38. Bc4 Bd8 39. Rd6 Be7 40. Rd2 Bf6 41. h4 b5 42. Bd5 Be8 43. Be6 Bg6 44. h5 Bxh5 45. Bxf5+ Bg6 46. Bxg6+ Kxg6 47. Rd5 b4 48. Rxc5 bxc3 49. bxc3 Kf7 50. Kf1 Ke6 51. Ke2 Kd6 52. Rc4 Kd5 53. Rc8 Bg5 54. Rc7 Bf6 55. Ra7 Kd6 56. Ra4 Bxc3 57. Rxe4 Bf6 58. Kf3 Kd5 59. Re2 Kd6 60. Kg4 Kd5 61. Kf5 Kd6 62. Re6+ Kd5 63. Rxf6 gxf6 64. Kxf6 Ke4 65. Kg6 Kf3 66. Kxh6 Kxf2 67. g4 1-0

[Event "December 19 Early 2023"]
[Site "https://www.chess.com"]
[Date "2023.12.19"]
[Round "7"]
[White "Joel Paul Ganta"]
[Black "Caceres Benitez, Arturo Eduardo"]
[Result "1-0"]
[Board "138"]
[TimeControl "180+1"]
[WhiteFideId "35066145"]
[BlackFideId "3710769"]
[WhiteElo "1891"]
[BlackElo "2045"]
[WhiteTeam "IND"]
[BlackTeam "PAR"]
[WhiteClock "0:01:50"]
[BlackClock "0:00:54"]

1. d4 g6 2. e4 Bg7 3. Nc3 d6 4. Nf3 Nd7 5. Bc4 e5 6. Bxf7+ Kxf7 7. Ng5+ Ke7 8. Nd5+ Ke8 9. Ne6 Bf6 10. Nxd8 Bxd8 11. O-O c6 12. Nc3 Ngf6 13. dxe5 dxe5 14. f4 Bc7 15. f5 gxf5 16. Rxf5 Rf8 17. Bg5 Bb6+ 18. Kh1 Ng8 19. Qh5+ 1-0

[Event "December 19 Early 2023"]
[Site "https://www.chess.com"]
[Date "2023.12.19"]
[Round "7"]
[White "Czerw, Dawid"]
[Black "Tarasova, Viktoriya"]
[Result "1-0"]
[Board "139"]
[TimeControl "180+1"]
[WhiteFideId "1145746"]
[BlackFideId "4175840"]
[WhiteElo "2144"]
[BlackElo "2182"]
[WhiteTeam "POL"]
[BlackTeam "RUS"]
[WhiteClock "0:00:07"]
[BlackClock "0:00:06"]

1. e4 e5 2. Nf3 Nc6 3. Bb5 Nf6 4. d3 Bc5 5. O-O Nd4 6. Nxd4 Bxd4 7. Ba4 Bb6 8. c3 O-O 9. Nd2 c6 10. Nf3 d6 11. Bg5 h6 12. Bh4 Bg4 13. h3 Bh5 14. g4 Bg6 15. Bc2 Qe7 16. Kh2 Qe6 17. Qe2 Rfe8 18. Nd2 d5 19. f3 Rad8 20. Rfe1 Rd7 21. Nf1 Nh7 22. Bf2 Bxf2 23. Qxf2 dxe4 24. dxe4 b6 25. Bb3 Qe7 26. Ne3 Red8 27. Rad1 Ng5 28. Rxd7 Rxd7 29. Rd1 Rxd1 30. Nxd1 Kf8 31. Ne3 Qd7 32. h4 Ne6 33. Bxe6 Qxe6 34. Qd2 Ke8 35. b3 Qd7 36. Qxd7+ Kxd7 37. Kg2 f6 38. Kf2 Kd6 39. Ke2 a5 40. Kd3 Kd7 41. a4 Ke6 42. Nc4 b5 43. Nxa5 Kd7 44. Nb7 Bf7 45. a5 Kc7 46. Nc5 Kb8 47. b4 Bc4+ 48. Ke3 Kc7 49. f4 exf4+ 50. Kxf4 g6 51. e5 g5+ 52. hxg5 hxg5+ 53. Kf5 fxe5 54. Kxg5 Bd5 55. Kf5 Kd6 56. a6 e4 57. a7 1-0

[Event "December 19 Early 2023"]
[Site "https://www.chess.com"]
[Date "2023.12.19"]
[Round "7"]
[White "Ljukin, Sergei"]
[Black "Petrova, Irina"]
[Result "1-0"]
[Board "140"]
[TimeControl "180+1"]
[WhiteFideId "14102200"]
[BlackFideId "14124122"]
[WhiteElo "2319"]
[BlackElo "2085"]
[WhiteTeam "UKR"]
[BlackTeam "UKR"]
[WhiteClock "0:00:42"]
[BlackClock "0:00:17"]

1. e4 d6 2. d4 Nf6 3. Nc3 e5 4. dxe5 dxe5 5. Qxd8+ Kxd8 6. f4 Bb4 7. Bd3 Nc6 8. Nf3 exf4 9. Bxf4 Bg4 10. O-O-O Bxc3 11. bxc3 Nd7 12. h3 Be6 13. Bb5 Kc8 14. Nd4 Nxd4 15. cxd4 c6 16. Bd3 Bxa2 17. c4 Bb3 18. Rd2 a5 19. Kb2 a4 20. Ka3 Nb6 21. Rc1 Rd8 22. Be2 g6 23. Bg4+ Nd7 24. h4 Ra5 25. e5 Re8 26. d5 cxd5 27. cxd5+ Kd8 28. Bg5+ f6 29. exf6 Re5 30. f7+ Rxg5 31. Bxd7 1-0

[Event "December 19 Early 2023"]
[Site "https://www.chess.com"]
[Date "2023.12.19"]
[Round "7"]
[White "Obon Temprano, Sergi"]
[Black "Manukyan, Sargis V."]
[Result "0-1"]
[Board "141"]
[TimeControl "180+1"]
[WhiteFideId "2226545"]
[BlackFideId "13303465"]
[WhiteElo "2135"]
[BlackElo "2236"]
[WhiteTeam "ESP"]
[BlackTeam "ARM"]
[WhiteClock "0:00:00"]
[BlackClock "0:00:02"]

1. d4 e6 2. Nf3 c5 3. e3 Nf6 4. Bd3 d5 5. O-O Nc6 6. b3 Qc7 7. a3 Bd6 8. Bb2 cxd4 9. exd4 Ne4 10. Nbd2 f5 11. Kh1 O-O 12. c4 Bd7 13. c5 Bf4 14. g3 Bh6 15. b4 a6 16. Qe2 Be8 17. Qe1 Bh5 18. Be2 f4 19. Nxe4 dxe4 20. Ne5 f3 21. Bc4 Nxe5 22. dxe5 e3 23. Bxe6+ Kh8 24. Bd5 e2 25. Rg1 Rad8 26. Be4 Bg4 27. Qc3 Qf7 28. Rae1 Bh3 29. Bc2 Bd2 30. Qb3 Bxe1 31. Rxe1 Qxb3 0-1

[Event "December 19 Early 2023"]
[Site "https://www.chess.com"]
[Date "2023.12.19"]
[Round "7"]
[White "Lacasa Diaz, Josep Anton"]
[Black "Deveci, Huseyin Said"]
[Result "1-0"]
[Board "142"]
[TimeControl "180+1"]
[WhiteFideId "2203375"]
[BlackFideId "26322455"]
[WhiteElo "2338"]
[BlackElo "1954"]
[WhiteTeam "ESP"]
[BlackTeam "TUR"]
[WhiteClock "0:00:15"]
[BlackClock "0:00:01"]

1. e4 e5 2. Nf3 Nc6 3. Bb5 a6 4. Bxc6 dxc6 5. O-O Bg4 6. h3 Bxf3 7. Qxf3 Qd7 8. d3 O-O-O 9. Nd2 f6 10. Qg4 Qxg4 11. hxg4 h5 12. gxh5 Rxh5 13. g3 Bc5 14. Kg2 Nh6 15. Nc4 Ng4 16. Be3 Rh2+ 17. Kf3 Nxe3 18. Nxe3 Bxe3 19. Kxe3 Rdh8 20. Rad1 Rg2 21. Rh1 Rgh2 22. Rxh2 Rxh2 23. d4 exd4+ 24. Rxd4 c5 25. Rd2 b6 26. f4 Rh1 27. Kf3 Re1 28. Re2 Rb1 29. b3 Kd7 30. Kg4 Ke6 31. f5+ Ke5 32. Kh5 Rg1 33. g4 b5 34. Rd2 Kxe4 35. Rd7 Kf4 36. Rxg7 Rg2 37. c4 bxc4 38. bxc4 Rxa2 39. Kg6 Kxg4 40. Kxf6+ Kf4 41. Rxc7 Rb2 42. Kg6 Rg2+ 43. Kf6 Rf2 44. Rxc5 Ke4 45. Ke6 Kd4 46. Rc8 Re2+ 47. Kf7 a5 48. f6 a4 49. Ra8 Ke5 50. Rxa4 Rf2 51. Ra5+ Kd6 52. Rd5+ Kc6 53. Rd1 Rf4 54. Ke7 Re4+ 55. Kf8 Rxc4 56. f7 Rf4 57. Rd8 Kc7 58. Rd2 Kc6 59. Ke7 Re4+ 60. Kf6 Rf4+ 61. Ke6 Rf1 62. Rc2+ Kb7 63. Rc5 Re1+ 64. Re5 Rf1 65. Rf5 Re1+ 66. Kd5 Rd1+ 67. Ke4 Re1+ 68. Kd3 Rd1+ 69. Ke2 Rd5 70. Rxd5 1-0

[Event "December 19 Early 2023"]
[Site "https://www.chess.com"]
[Date "2023.12.19"]
[Round "7"]
[White "Vincenti, Leonardo"]
[Black "Porozhnyak, Maya"]
[Result "1/2-1/2"]
[Board "143"]
[TimeControl "180+1"]
[WhiteFideId "28550820"]
[BlackFideId "34115843"]
[WhiteElo "2054"]
[BlackElo "1932"]
[WhiteTeam "ITA"]
[BlackTeam "RUS"]
[WhiteClock "0:00:14"]
[BlackClock "0:00:13"]

1. e4 c5 2. Nf3 e6 3. c4 Nc6 4. d4 cxd4 5. Nxd4 Nf6 6. Nc3 Bb4 7. Nxc6 dxc6 8. Qxd8+ Kxd8 9. e5 Ne4 10. a3 Bxc3+ 11. bxc3 Nxc3 12. a4 Ne4 13. Be3 h6 14. h4 b6 15. a5 Rb8 16. axb6 axb6 17. Ra7 Bd7 18. Be2 Nc5 19. O-O Ke7 20. Rd1 Rhd8 21. Bf3 Ke8 22. Bxc5 bxc5 23. Rdxd7 Rxd7 24. Bxc6 Rd8 25. Ra5 Ke7 26. Bxd7 Rxd7 27. Rxc5 Rd1+ 28. Kh2 g5 29. hxg5 hxg5 30. Rc7+ Kf8 31. c5 Rd5 32. c6 Rxe5 33. Rb7 Kg7 34. c7 Rc5 35. Rb5 Rxc7 36. Rxg5+ Kf6 37. Rg3 Rc4 38. Rf3+ Ke7 39. Kg3 f5 40. Rf4 Rc3+ 41. f3 Kf6 42. Ra4 Rc2 43. Ra6 Re2 44. Rb6 Kg5 45. Rb8 Kf6 46. Rf8+ Ke5 47. Re8 Kd4 48. Rd8+ Kc3 49. Re8 Kd2 50. Kf4 Ke1 51. g4 fxg4 52. fxg4 Kd2 53. g5 Kd3 54. g6 Rf2+ 55. Kg3 Rf1 56. Kg2 Rf6 57. Rg8 Ke3 58. g7 Rg6+ 59. Kh3 e5 60. Kh4 e4 61. Kh5 Rg1 62. Kh6 Ke2 63. Re8 e3 64. g8=Q Rxg8 65. Rxg8 Kf2 66. Rf8+ Ke1 67. Re8 e2 68. Kg5 Kd1 69. Kf4 e1=Q 70. Rxe1+ Kxe1 1/2-1/2

[Event "December 19 Early 2023"]
[Site "https://www.chess.com"]
[Date "2023.12.19"]
[Round "7"]
[White "Clawitter, Craig"]
[Black "Eilers, Stefan"]
[Result "0-1"]
[Board "144"]
[TimeControl "180+1"]
[WhiteFideId "2023105"]
[BlackFideId "4609565"]
[WhiteElo "2262"]
[BlackElo "2438"]
[WhiteTeam "USA"]
[BlackTeam "GER"]
[WhiteClock "0:00:10"]
[BlackClock "0:00:35"]

1. e4 Nc6 2. Nc3 e5 3. g3 Nf6 4. Bg2 Bc5 5. Nge2 d6 6. O-O a6 7. d3 h6 8. h3 O-O 9. Be3 Bxe3 10. fxe3 Ne7 11. Qd2 c6 12. g4 Ng6 13. Ng3 b5 14. Nf5 Nh7 15. a3 Be6 16. d4 Qc7 17. d5 cxd5 18. exd5 Bxf5 19. gxf5 Nh4 20. Ne4 Qe7 21. f6 Nxf6 22. Nxf6+ gxf6 23. e4 Kh7 24. Kh2 Rg8 25. Rg1 f5 26. Raf1 f4 27. Bf3 Nxf3+ 28. Rxf3 Rxg1 29. Kxg1 Rg8+ 30. Kh2 Qg5 31. Qf2 f5 32. exf5 Qxf5 33. Rc3 Rg7 34. Rc6 e4 35. Rxd6 f3 36. Qh4 Qe5+ 0-1

[Event "December 19 Early 2023"]
[Site "https://www.chess.com"]
[Date "2023.12.19"]
[Round "7"]
[White "Wanyama, Harold"]
[Black "Rose, Felix"]
[Result "1-0"]
[Board "145"]
[TimeControl "180+1"]
[WhiteFideId "10000380"]
[BlackFideId "5105722"]
[WhiteElo "2228"]
[BlackElo "2039"]
[WhiteTeam "UGA"]
[BlackTeam "MEX"]
[WhiteClock "0:01:25"]
[BlackClock "0:00:18"]

1. d4 d5 2. c4 e6 3. g3 Nf6 4. Bg2 dxc4 5. Nf3 a6 6. a4 Nc6 7. O-O Rb8 8. a5 Bb4 9. Qa4 Qe7 10. Ne5 O-O 11. Bxc6 bxc6 12. Nxc6 Qd6 13. Nxb8 Bb7 14. Nc3 Rxb8 15. Bf4 Qxd4 16. Qxb4 e5 17. Be3 Qg4 18. f3 Qh3 19. Rf2 e4 20. Ba7 e3 21. Bxe3 h5 22. Qxc4 Re8 23. Bg5 Ng4 24. fxg4 h4 25. Qxf7+ Kh7 26. Qh5+ 1-0

[Event "December 19 Early 2023"]
[Site "https://www.chess.com"]
[Date "2023.12.19"]
[Round "7"]
[White "Hartikainen, Jarmo"]
[Black "Figorito, Nick"]
[Result "1/2-1/2"]
[Board "146"]
[TimeControl "180+1"]
[WhiteFideId "503134"]
[BlackFideId "30923689"]
[WhiteElo "2153"]
[BlackElo "2416"]
[WhiteTeam "FIN"]
[BlackTeam "USA"]
[WhiteClock "0:00:11"]
[BlackClock "0:00:14"]

1. e4 e6 2. d4 d5 3. Nd2 Nf6 4. e5 Nfd7 5. Bd3 c5 6. c3 Nc6 7. Ne2 cxd4 8. cxd4 f6 9. exf6 Nxf6 10. a3 Bd6 11. O-O Qc7 12. h3 O-O 13. Qc2 g6 14. Nf3 Qg7 15. Ng3 Bd7 16. Re1 Rac8 17. Qd2 Bxg3 18. fxg3 Nh5 19. g4 Nxd4 20. Nxd4 Qxd4+ 21. Qe3 Qxe3+ 22. Bxe3 Nf4 23. Bf1 a6 24. Rac1 Rxc1 25. Rxc1 Bc6 26. g3 g5 27. gxf4 gxf4 28. Bd4 h5 29. g5 f3 30. Kf2 Rf4 31. Bf6 Kf7 32. Bd3 Rh4 33. Kg3 Ra4 34. Be5 d4 35. g6+ Kg8 36. Kf4 Ra5 37. Rg1 Bd5 38. Rf1 Rc5 39. Kg5 h4 40. Kf6 Rc8 41. Kg5 Rf8 42. Kxh4 f2 43. Kg3 Rf3+ 44. Kg4 Rxd3 45. Rxf2 Re3 46. Bxd4 Re4+ 47. Rf4 Rxf4+ 48. Kxf4 Bg2 49. h4 Bf1 50. h5 Bd3 51. h6 Bxg6 52. Ke5 Kf7 53. Kd6 Be4 54. Kc7 Kg6 55. b4 Kxh6 56. a4 Kg6 57. b5 axb5 58. axb5 Bd5 59. Kd6 Kf5 60. Bc5 Bg2 61. Bd4 e5 62. Bxe5 Ke4 63. Bf6 Kd3 64. b6 Kc4 65. Bd8 Kb5 66. Bc7 Ka6 67. Bd8 Bc6 68. Bc7 Bg2 69. Bd8 Bh1 70. Bc7 Bg2 1/2-1/2

[Event "December 19 Early 2023"]
[Site "https://www.chess.com"]
[Date "2023.12.19"]
[Round "7"]
[White "UnTucopalaTimba"]
[Black "Tay, Junior"]
[Result "0-1"]
[Board "147"]
[TimeControl "180+1"]
[BlackFideId "5800439"]
[WhiteElo "2103"]
[BlackElo "2216"]
[BlackTeam "SGP"]
[WhiteClock "0:00:35"]
[BlackClock "0:00:45"]

1. e4 c5 2. Nf3 e6 3. c3 Nf6 4. e5 Nd5 5. d4 cxd4 6. cxd4 b6 7. Nc3 Nxc3 8. bxc3 Qc7 9. Qd3 Bb7 10. Be2 d6 11. O-O Nd7 12. Bf4 Be7 13. exd6 Bxd6 14. Bxd6 Qxd6 15. c4 O-O 16. a4 Rfd8 17. a5 Rac8 18. axb6 axb6 19. Rfb1 Bxf3 20. Bxf3 Nc5 21. Qa3 Qxd4 22. Rxb6 Nd3 23. Rb7 Nxf2 24. Kf1 Nd3 25. Ra2 Qxc4 26. Be2 Qf4+ 27. Bf3 Nc1 28. Rb4 Qxh2 29. Ra1 Qh1+ 30. Kf2 Nd3+ 31. Kg3 Qh6 32. Rg4 f5 33. Rh4 Qg5+ 34. Bg4 Qf4+ 35. Kh3 Nf2# 0-1

[Event "December 19 Early 2023"]
[Site "https://www.chess.com"]
[Date "2023.12.19"]
[Round "7"]
[White "Gruzman, Ilya"]
[Black "Masague Artero, Guerau"]
[Result "0-1"]
[Board "149"]
[TimeControl "180+1"]
[WhiteFideId "2812703"]
[BlackFideId "32098952"]
[WhiteElo "1986"]
[BlackElo "2253"]
[WhiteTeam "ISR"]
[BlackTeam "ESP"]
[WhiteClock "0:02:38"]
[BlackClock "0:02:52"]

1. e4 Nc6 2. Nf3 d6 3. d4 Nf6 4. Nc3 g6 5. Bc4 Bg7 6. Bf4 Bg4 7. Qd2 Bxf3 8. gxf3 e5 9. dxe5 dxe5 10. Be3 Qxd2+ 11. Bxd2 Nd4 12. Be2 Nxc2+ 0-1

[Event "December 19 Early 2023"]
[Site "https://www.chess.com"]
[Date "2023.12.19"]
[Round "7"]
[White "Martin Barcelo, Carles"]
[Black "Kuhn, Clement"]
[Result "0-1"]
[Board "150"]
[TimeControl "180+1"]
[WhiteFideId "24561444"]
[BlackFideId "36099775"]
[WhiteElo "2135"]
[BlackElo "2251"]
[WhiteTeam "ESP"]
[BlackTeam "FRA"]
[WhiteClock "0:00:00"]
[BlackClock "0:00:47"]

1. e4 d5 2. exd5 Nf6 3. Nc3 Nxd5 4. Bc4 Nxc3 5. Qf3 e6 6. Qxc3 Nc6 7. Nf3 Qf6 8. Qxf6 gxf6 9. d4 Rg8 10. O-O Bd7 11. Bf4 O-O-O 12. c3 Bd6 13. Bg3 f5 14. Bxd6 cxd6 15. d5 Na5 16. dxe6 fxe6 17. Bb3 Nxb3 18. axb3 Bc6 19. Kh1 a6 20. Rg1 e5 21. Nh4 Rg5 22. Nf3 Rh5 23. Rad1 Kc7 24. Rd2 Rg8 25. b4 Rh6 26. Ne1 f4 27. f3 Rg5 28. Rf1 Rhg6 29. Kg1 h5 30. Rff2 h4 31. h3 d5 32. Kf1 Rf6 33. Rde2 Bb5 34. Kg1 Bxe2 35. Rxe2 e4 36. fxe4 Re5 37. Kf2 dxe4 38. Nf3 e3+ 39. Ke1 Rd5 40. Nxh4 Rfd6 41. Kf1 Rd1+ 42. Re1 Rxe1+ 43. Kxe1 Rd2 44. Ng6 Rxg2 45. Nxf4 Rxb2 46. Nd5+ Kd6 47. Nxe3 Rh2 48. h4 Kc6 49. Kd1 Rxh4 50. Kc2 Rh3 51. Nc4 Kd5 52. Kb3 b5 53. Nb2 Ke4 54. Kc2 Rh2+ 55. Kb3 Ke3 56. Nd1+ Kd2 57. Nb2 Rh3 58. Ka2 Kxc3 0-1

[Event "December 19 Early 2023"]
[Site "https://www.chess.com"]
[Date "2023.12.19"]
[Round "7"]
[White "Recuero Guerra, Javier"]
[Black "Fishchuk, Vladyslav"]
[Result "0-1"]
[Board "151"]
[TimeControl "180+1"]
[WhiteFideId "2254085"]
[BlackFideId "34122117"]
[WhiteElo "2208"]
[BlackElo "2055"]
[WhiteTeam "ESP"]
[BlackTeam "UKR"]
[WhiteClock "0:00:03"]
[BlackClock "0:01:15"]

1. e4 c5 2. Nf3 Nf6 3. e5 Nd5 4. c3 Nc6 5. d4 cxd4 6. cxd4 d6 7. a3 Bg4 8. Bc4 Nb6 9. Bxf7+ Kxf7 10. Ng5+ Ke8 11. Qxg4 dxe5 12. Ne6 Qd6 13. Nxg7+ Bxg7 14. Qxg7 Kd7 15. Qg4+ Kc7 16. dxe5 Nxe5 17. Qd1 Qc6 18. f3 Rad8 19. Bd2 Nd3+ 20. Kf1 Nxb2 21. Qe2 N6c4 22. Bc3 Rd1+ 23. Kf2 Qc5+ 24. Kg3 Rg8+ 25. Kh3 Qh5# 0-1

[Event "December 19 Early 2023"]
[Site "https://www.chess.com"]
[Date "2023.12.19"]
[Round "7"]
[White "Stankovic, Boris"]
[Black "Buscar, Michael"]
[Result "1-0"]
[Board "152"]
[TimeControl "180+1"]
[WhiteFideId "985317"]
[BlackFideId "2603616"]
[WhiteElo "2265"]
[BlackElo "2010"]
[WhiteTeam "SRB"]
[BlackTeam "CAN"]
[WhiteClock "0:00:11"]
[BlackClock "0:00:13"]

1. e4 c5 2. b3 Nf6 3. e5 Nd5 4. Bb2 Nc6 5. Bc4 Nc7 6. f4 d5 7. exd6 Qxd6 8. Nf3 Be6 9. Na3 Qxf4 10. O-O O-O-O 11. Ne5 Qg5 12. Nxf7 Bxf7 13. Rxf7 Rxd2 14. Qf3 Rd8 15. Nb5 Nxb5 16. Bxb5 Nd4 17. Bxd4 cxd4 18. Bd3 g6 19. Re1 Qc5 20. Kh1 Qc6 21. Be4 Qd7 22. Qd3 Bh6 23. Bf3 Be3 24. c3 Kb8 25. cxd4 Qxd4 26. Qxd4 Bxd4 27. Rexe7 Bb6 28. Rxb7+ Kc8 29. h4 Rhf8 30. Rxf8 Rxf8 31. Rxh7 Bc7 32. Re7 Rf6 33. Re1 Ra6 34. a4 Rb6 35. Bd5 Kd7 36. Bc4 Bg3 37. Rd1+ Ke7 38. Rd4 Rf6 39. Rg4 Bd6 40. g3 Rf3 41. Kg2 Rc3 42. Rxg6 Rc2+ 43. Kh3 Rc3 44. h5 Be5 45. Re6+ Kd7 46. Rxe5 Rc1 47. Rd5+ Kc6 48. Rd2 Kc5 49. Rh2 Re1 50. h6 Re7 51. Kg2 Rh7 52. Bd3 Rh8 53. h7 Kd4 54. Bg6 Ke5 55. Bb1 Kf6 56. g4 Kg7 57. Rh5 Rc8 58. h8=Q+ Rxh8 59. Rxh8 Kxh8 60. b4 Kg8 61. b5 Kf8 62. a5 1-0

[Event "December 19 Early 2023"]
[Site "https://www.chess.com"]
[Date "2023.12.19"]
[Round "7"]
[White "Sai Han Thiha"]
[Black "Ernst, Luca"]
[Result "1-0"]
[Board "153"]
[TimeControl "180+1"]
[WhiteFideId "13012290"]
[BlackFideId "45117055"]
[WhiteElo "1954"]
[BlackElo "1973"]
[WhiteTeam "MYA"]
[BlackTeam "FRA"]
[WhiteClock "0:00:04"]
[BlackClock "0:00:00"]

1. Nf3 Nf6 2. g3 e6 3. Bg2 d5 4. O-O c5 5. d3 Nc6 6. Nbd2 Be7 7. e4 O-O 8. Re1 Re8 9. e5 Nd7 10. Nf1 b5 11. h4 a5 12. h5 h6 13. N1h2 Bf8 14. Ng4 b4 15. Bf4 Ne7 16. c4 bxc3 17. bxc3 Nf5 18. Rb1 Ba6 19. Qc2 Qc7 20. c4 d4 21. Nd2 Rab8 22. Ne4 Rb4 23. a3 Rxb1 24. Rxb1 Rb8 25. Bf1 Bb7 26. Bg2 Bc6 27. Nd2 Bxg2 28. Kxg2 Qc6+ 29. Ne4 Rb6 30. Rb2 Qb7 31. Rxb6 Nxb6 32. Qb3 Qc6 33. Kg1 Be7 34. Nh2 Kf8 35. Nf3 Ke8 36. g4 Nh4 37. Nxh4 Bxh4 38. Nd6+ Kf8 39. Qb1 Be7 40. Qc1 Bxd6 41. exd6 f6 42. Bg3 e5 43. f4 Qf3 44. Kh2 Qxg4 45. fxe5 Qxh5+ 46. Kg2 Qe2+ 47. Kh1 Qf3+ 48. Kh2 fxe5 49. Qb2 Qh5+ 50. Kg2 Nd7 51. Qb7 Qe2+ 52. Kh3 Qh5+ 53. Bh4 Qf3+ 54. Qxf3+ 1-0

[Event "December 19 Early 2023"]
[Site "https://www.chess.com"]
[Date "2023.12.19"]
[Round "7"]
[White "Shuvalov, Evgenij"]
[Black "Ruge, Edison"]
[Result "1-0"]
[Board "154"]
[TimeControl "180+1"]
[WhiteFideId "4187237"]
[BlackFideId "4401000"]
[WhiteElo "2084"]
[BlackElo "2175"]
[WhiteTeam "FID"]
[BlackTeam "COL"]
[WhiteClock "0:00:41"]
[BlackClock "0:00:00"]

1. d4 d5 2. c4 e5 3. e4 dxe4 4. d5 Bb4+ 5. Bd2 Bxd2+ 6. Qxd2 f5 7. Nc3 a6 8. g4 g6 9. gxf5 gxf5 10. Be2 Qh4 11. O-O-O Nf6 12. f3 Rg8 13. fxe4 fxe4 14. Kb1 Qf4 15. Qc2 Bf5 16. Rf1 e3 17. Bd3 Qxf1+ 18. Bxf1 Bxc2+ 19. Kxc2 Nbd7 20. Nge2 O-O-O 21. Ng3 Rdf8 22. Bh3 Kb8 23. Re1 Ng4 24. Bxg4 Rxg4 25. Rxe3 Rf2+ 26. Kb3 Rxh2 27. Nge4 Rgg2 28. c5 Rxb2+ 29. Ka3 b5 30. cxb6 Nxb6 31. Rg3 Nc4+ 32. Ka4 Rbg2 33. Rf3 Nb2+ 34. Kb3 Ka7 35. Rf7 Kb8 36. Nc5 Rg8 37. Nxa6+ Kb7 38. Nxc7 Kb6 39. Ne6 Nd3 40. Rf6 Rg6 41. Rf8 Nc5+ 42. Nxc5 Kxc5 43. Rc8+ Kd4 44. Rc4+ Kd3 45. a4 Rb6+ 46. Nb5 1-0

[Event "December 19 Early 2023"]
[Site "https://www.chess.com"]
[Date "2023.12.19"]
[Round "7"]
[White "Limontaite, Simona"]
[Black "Herman, Matthew"]
[Result "0-1"]
[Board "155"]
[TimeControl "180+1"]
[WhiteFideId "12802506"]
[BlackFideId "2028964"]
[WhiteElo "2092"]
[BlackElo "2368"]
[WhiteTeam "LTU"]
[BlackTeam "USA"]
[WhiteClock "0:00:06"]
[BlackClock "0:00:10"]

1. d4 Nf6 2. c4 g6 3. Nc3 Bg7 4. e4 d6 5. Be2 O-O 6. Bg5 Nbd7 7. Qd2 c6 8. h4 h5 9. f3 a6 10. Nh3 b5 11. Nf2 bxc4 12. Bxc4 d5 13. Bd3 e5 14. exd5 exd4 15. Nce4 cxd5 16. Nxf6+ Nxf6 17. O-O Qb6 18. Bh6 Bd7 19. Rfe1 Rfe8 20. Bxg7 Kxg7 21. Rad1 Re3 22. Rf1 Rae8 23. Rc1 Bb5 24. Qb4 R8e6 25. Bxb5 axb5 26. Rc5 d3 27. Rxb5 Qa7 28. a4 Re2 29. Rb7 Qe3 30. Rb8 Re8 31. Rxe8 Nxe8 32. Qc3+ d4 33. Qxd3 Rxb2 34. Qxe3 dxe3 35. Ne4 Ra2 36. Re1 Ra3 37. a5 Nc7 38. Nd6 Nd5 39. Nc4 Rc3 40. Ne5 Nf4 41. g3 Ne6 42. Kf1 Nd4 43. a6 e2+ 44. Kf2 Ra3 45. Nd3 Rxd3 46. f4 Rf3+ 47. Kg2 Ra3 48. a7 Rxa7 49. g4 Ra4 50. g5 Kf8 51. Kg3 Ke7 52. Kf2 Ke6 53. f5+ Kxf5 54. Ke3 Kg4 55. Kd2 Kxh4 56. Rg1 Kh3 57. Rh1+ Kg2 58. Rg1+ Kxg1 59. Ke1 Nf3+ 60. Kxe2 Nxg5 0-1

[Event "December 19 Early 2023"]
[Site "https://www.chess.com"]
[Date "2023.12.19"]
[Round "7"]
[White "Sanchez Alvares, Kelvin Antonio"]
[Black "Marinakis, Hristos"]
[Result "0-1"]
[Board "156"]
[TimeControl "180+1"]
[WhiteFideId "3906680"]
[BlackFideId "4294661"]
[WhiteElo "2217"]
[BlackElo "2299"]
[WhiteTeam "VEN"]
[BlackTeam "GRE"]
[WhiteClock "0:00:08"]
[BlackClock "0:00:17"]

1. e4 c5 2. Nf3 d6 3. d4 cxd4 4. Nxd4 Nf6 5. Nc3 a6 6. Be2 e5 7. Nb3 Be7 8. Be3 Be6 9. Qd2 b5 10. f4 O-O 11. f5 Bxb3 12. axb3 b4 13. Nd5 Nbd7 14. Bf3 a5 15. O-O Nxd5 16. Qxd5 Nf6 17. Qb5 Qc7 18. Rac1 Rfb8 19. Qd3 a4 20. bxa4 Rxa4 21. c4 bxc3 22. Rxc3 Qb7 23. Rfc1 d5 24. Rc7 Qb4 25. b3 dxe4 26. Rc8+ Rxc8 27. Rxc8+ Bf8 28. Bc5 Qxc5+ 29. Rxc5 Bxc5+ 30. Kf1 Ra1+ 0-1

[Event "December 19 Early 2023"]
[Site "https://www.chess.com"]
[Date "2023.12.19"]
[Round "7"]
[White "Avila Rodriguez, Joshua Ad"]
[Black "Fernandez Sanchez, Mario Andres"]
[Result "1-0"]
[Board "157"]
[TimeControl "180+1"]
[WhiteFideId "5126444"]
[BlackFideId "6501621"]
[WhiteElo "2097"]
[BlackElo "2050"]
[WhiteTeam "MEX"]
[BlackTeam "CRC"]
[WhiteClock "0:00:22"]
[BlackClock "0:00:41"]

1. d4 d5 2. c4 c6 3. Nf3 Nf6 4. e3 g6 5. cxd5 cxd5 6. Nc3 Bg7 7. Bd3 O-O 8. O-O Bg4 9. h3 Bxf3 10. Qxf3 Nc6 11. Bd2 a6 12. Rfc1 Rc8 13. a3 e6 14. b4 Nd7 15. Na4 Qe7 16. Ra2 Rc7 17. Rac2 Rfc8 18. g3 Qd6 19. Kg2 h5 20. Nc5 Ndb8 21. g4 hxg4 22. hxg4 e5 23. Qg3 Qe7 24. dxe5 Nxe5 25. Nb3 Nbc6 26. Be2 b5 27. Nc5 Ra7 28. Bc3 Rd8 29. Rd1 Nc4 30. Bxg7 Kxg7 31. e4 Nxa3 32. Qxa3 dxe4 33. Qc3+ f6 34. Rxd8 Nxd8 35. Rd2 Nf7 36. Qe3 Ng5 37. Qf4 a5 38. Bxb5 axb4 39. Rd7 Rxd7 40. Nxd7 b3 41. Qd2 Nf3 42. Qc3 Qe5 43. Nxe5 1-0